 Dungeon Crawl Stone Soup version 0.32-a0-411-g744942f433 (webtiles) character file.

Game seed: 7337421584812118057

10322 zenocrate the Covert (level 11, -1/69 HPs)
             Began as a Kobold Delver on Feb 20, 2024.
             Was an Initiate of Gozag.
             Slain by a five-headed hydra (6 damage)
             ... on level 2 of the Lair of Beasts.
             The game lasted 00:10:45 (11753 turns).

zenocrate the Covert (Kobold Delver)               Turns: 11753, Time: 00:10:46

Health: -1/69      AC:  8    Str:  9    XL:     11   Next: 90%
Magic:  5/11       EV: 21    Int: 18    God:    Gozag
Gold:   78         SH:  0    Dex: 25    Spells: 2/10 levels left

rFire   . . .        b - +2 short sword (elec)
rCold   . . .        (no shield)
rNeg    + . .        n - +0 leather armour
rPois   .            x - +0 helmet
rElec   .            w - +1 cloak
rCorr   .            (no gloves)
SInv    .            J - +0 pair of boots
Will    +....        (no amulet)
Stlth   ++++++       p - +6 ring of dexterity
HPRegen 0.31/turn    K - ring "Xesupteo" {rN+ Will+ Int+4}
MPRegen 0.12/turn

%: no passive effects
@: lethally poisoned (-1 -> -3), about to teleport, gold aura
A: small, no large weapons, nightstalker 3
a: Renounce Religion, Potion Petition, Call Merchant, Bribe Branch


You were on level 2 of the Lair of Beasts.
You worshipped Gozag.
Gozag was noncommittal.
You visited 3 branches of the dungeon, and saw 12 of its levels.

You collected 1334 gold pieces.
You spent 1156 gold pieces at shops.
You paid 100 gold pieces to Gozag.

Inventory:

Hand Weapons
 a - a +0 rapier
 b - a +2 short sword of electrocution (weapon)
Missiles
 m - 18 poisoned darts (quivered)
 u - 7 curare-tipped darts
 F - 3 boomerangs
 H - 2 datura-tipped darts
 L - 2 throwing nets
Armour
 n - a +0 leather armour (worn)
 r - a +0 kite shield
 w - a +1 cloak (worn)
 x - a +0 helmet (worn)
 J - a +0 pair of boots (worn)
Jewellery
 p - a +6 ring of dexterity (left hand)
 K - the ring "Xesupteo" (right hand) {rN+ Will+ Int+4}
   (You bought it in a shop on level 6 of the Dungeon)

   [ring of willpower]

   Int+4:     It affects your intelligence (+4).
   rN+:       It protects you from negative energy.
   Will+:     It increases your willpower.
Wands
 g - a wand of digging (9)
 y - a wand of flame (4)
 A - a wand of polymorph (3)
Scrolls
 c - 4 scrolls of fog
 d - a scroll of revelation
 e - a scroll of fear
 i - a scroll of poison
 l - 7 scrolls of teleportation
 E - 2 scrolls of vulnerability {unknown}
 G - 2 scrolls of noise {unknown}
Potions
 f - 2 potions of haste
 j - 2 potions of heal wounds
 k - 3 potions of curing
 o - 3 potions of brilliance
 s - 2 potions of attraction
 v - 2 potions of ambrosia
 z - 2 potions of enlightenment
 B - a potion of might


   Skills:
 + Level 8.5 Fighting
 + Level 9.7 Short Blades
 + Level 5.2 Armour
 + Level 8.6 Dodging
 + Level 11.9 Stealth
 + Level 3.4 Hexes
 + Level 5.2 Translocations
 + Level 3.4 Ice Magic
 + Level 6.2 Evocations


You had 2 spell levels left.
You knew the following spells:

 Your Spells              Type           Power      Damage    Failure   Level
a - Ensorcelled Hibernat  Hex/Ice        24%        N/A       11%         2
m - Apportation           Tloc           36%        N/A       3%          1
x - Blink                 Tloc           36%        N/A       4%          2
y - Swiftness             Air            0%         N/A       65%         3

Your spell library contained the following spells:

 Spells                   Type           Power      Damage    Failure   Level
 Lesser Beckoning         Tloc           36%        N/A       4%          2
 Momentum Strike          Conj/Tloc      18%        3d8       16%         2
 Magic Dart               Conj           0%         1d3       28%         1
 Necrotise                Necr           0%         1d4       28%         1
 Shock                    Conj/Air       0%         1d3       28%         1
 Sting                    Conj/Alch      0%         1d3       28%         1
 Summon Small Mammal      Summ           0%         N/A       28%         1
 Call Imp                 Summ           0%         N/A       41%         2
 Mercury Vapours          Alch/Air       0%         N/A       41%         2
 Sublimation of Blood     Necr           0%         N/A       41%         2
 Frozen Ramparts          Ice            24%        1d4       22%         3
 Fugue of the Fallen      Necr           0%         N/A       65%         3
 Mephitic Cloud           Conj/Alch/Air  0%         N/A       65%         3
 Anguish                  Hex/Necr       3%         N/A       82%         4
 Metabolic Englaciation   Hex/Ice        6%         N/A       89%         5
 Airstrike                Air            0%         2d(0-16)  96%         4
 Leda's Liquefaction      Alch/Erth      0%         N/A       96%         4
 Petrify                  Alch/Erth      0%         N/A       96%         4
 Freezing Cloud           Conj/Ice/Air   2%         6-21      99%         5
 Irradiate                Conj/Alch      0%         3d11      100%        5
 Summon Hydra             Summ           0%         N/A       100%        7


Dungeon Overview and Level Annotations

Branches:
Dungeon (9/15)             Temple (1/1) D:6            Lair (2/5) D:9
  Swamp: Lair:2-3    Shoals: Lair:2-3     Snake: Lair:2-3    Spider: Lair:2-3
    Orc: D:9-12

Altars:
Ashenzari
Cheibriados
Dithmenos
Elyvilon
Fedhas
Gozag
Hepliaklqana
Kikubaaqudgha
Makhleb
Nemelex Xobeh
Okawaru
Qazlal
Ru
Sif Muna
Trog
Uskayaw
Vehumet
Wu Jian
Xom
Yredelemnul
Zin
The Shining One

Shops:
D:4 *   D:6 :==?[

Annotations:
D:9 1 runed translucent door, oldriver's ghost, novice DsCj
Lair:1 1 runed translucent door, dogverified's ghost, novice TrBe


Innate Abilities, Weirdness & Mutations

You are small and have problems with some larger weapons.
You are completely attuned to the shadows.


Message History

You perforate the cane toad like a sieve!!!!
You kill the cane toad!
You feel sick. The cane toad barely misses you.
A five-headed hydra comes into view.
Casting: Ensorcelled Hibernation (safe; 11% risk of failure)
Confirm with . or Enter, or press ? or * to list all spells.
Aiming: Ensorcelled Hibernation (safe; 11% risk of failure)
Press: ? - help, Shift-Dir - straight line, f - cane toad
Aim: a cane toad (moderately wounded, chance to affect: 46%)
The cane toad looks drowsy...
The five-headed hydra roars!
You feel sick.
Unknown command.
The helpless cane toad fails to defend itself.
You spit the cane toad like a pig!!!!
Lightning courses through the cane toad!
You kill the cane toad!
You feel sick.
Okay, then.
Casting: Ensorcelled Hibernation (safe; 11% risk of failure)
Confirm with . or Enter, or press ? or * to list all spells.
Aiming: Ensorcelled Hibernation (safe; 11% risk of failure)
Press: ? - help, Shift-Dir - straight line, f - five-headed hydra
Aim: a five-headed hydra (chance to affect: 15%)
The five-headed hydra resists with almost no effort.
You feel sick.
Unknown command.
As you read the scroll of teleportation, it crumbles to dust.
You feel strangely unstable.
You feel sick.
Unknown command.
You feel sick.
The five-headed hydra attacks as it pursues you!
The five-headed hydra misses you. The five-headed hydra bites you!
* * * LOW HITPOINT WARNING * * *
The five-headed hydra closely misses you.
The five-headed hydra bites you!
* * * LOW HITPOINT WARNING * * *
The five-headed hydra bites you.
You die...
Your body crumbles into a pile of gold.

##. ...
#.###
####.#.###
##....@...#
......D..##
#......$..#
#........##
#........#
##.......#
####...##
#### ##...#
.
#..###.'#.P#


You could see a five-headed hydra.

Vanquished Creatures
  Pikel (D:4)
  3 elephants
  Joseph (D:9)
  4 cane toads
  2 komodo dragons
  A troll (D:9)
  A polar bear (Lair:1)
  Grinder (D:6)
  A hornet (D:9)
  Prince Ribbit (D:5)
  2 wyverns
  8 yaks (D:9)
  A basilisk (Lair:1)
  Menkaure (D:4)
  3 water moccasins
  3 black bears
  An orc warrior (D:7)
  2 ice beasts
  2 ogres
  A centaur (D:8)
  A phantom (D:6)
  3 kobold brigands
  2 weeping skulls (D:6)
  8 bullfrogs
  A wyvern zombie (D:6)
  A gnoll sergeant (D:5)
  4 scorpions
  9 wights
  2 howler monkeys
  A centaur zombie (D:6)
  A bombardier beetle (D:7)
  A bullfrog zombie (D:6)
  Crazy Yiuf (D:4)
  2 gnoll boudas (D:6)
  3 jellies
  A hound (D:6)
  A human zombie (D:6)
  4 orc priests
  Ijyb (D:5)
  5 iguanas
  3 sleepcaps (D:3)
  2 orc wizards
  2 mummies (D:6)
  Robin (D:5)
  2 howler monkey zombies (D:6)
  17 gnolls
  7 adders
  A white imp (D:6)
  4 ufetubi
  A ribbon worm (D:4)
  5 dart slugs
  26 orcs
  3 bats (D:1)
  9 endoplasms
  A giant cockroach (D:2)
  6 goblins
  15 hobgoblins
  4 jackals
  4 quokkas
  7 ball pythons
  3 frilled lizards
  16 kobolds
  6 rats
237 creatures vanquished.

Notes
Turn   | Place    | Note
-------+----------+-------------------------------------------
     0 | D:5      | zenocrate the Kobold Delver began the quest for the Orb.
     0 | D:5      | Reached XP level 1. HP: 14/14 MP: 1/1
    20 | D:5      | Reached XP level 2. HP: 19/19 MP: 2/2
    34 | D:5      | Reached skill level 7 in Stealth
    34 | D:5      | Reached XP level 3. HP: 24/24 MP: 3/3
    94 | D:5      | Reached XP level 4. HP: 29/29 MP: 4/4
   251 | D:3      | Identified the +8 mace of Gymut {heavy, Str+4 Dex-4}
   668 | D:1      | Reached XP level 5. HP: 31/33 MP: 5/5
   825 | D:1      | Found a faded altar of an unknown god.
  1181 | D:1      | Learned a level 3 spell: Swiftness
  2334 | D:3      | Reached XP level 6. HP: 39/39 MP: 6/6
  2404 | D:3      | Reached skill level 1 in Armour
  2615 | D:4      | Noticed Menkaure
  2626 | D:4      | Killed Menkaure
  2627 | D:4      | Reached skill level 5 in Short Blades
  2627 | D:4      | Reached skill level 8 in Stealth
  2627 | D:4      | Reached XP level 7. HP: 37/44 MP: 7/7
  2711 | D:4      | Found Ninlop's Weapon Boutique.
  2711 | D:4      | Found Imosk's Assorted Antiques.
  2720 | D:4      | Bought a red potion for 26 gold pieces
  2779 | D:4      | Reached skill level 5 in Fighting
  3053 | D:4      | Found a runed translucent door.
  3056 | D:4      | Noticed Crazy Yiuf
  3135 | D:4      | Noticed Pikel
  3152 | D:4      | Killed Pikel
  3153 | D:4      | Reached skill level 5 in Dodging
  3153 | D:4      | Reached skill level 9 in Stealth
  3153 | D:4      | Reached XP level 8. HP: 23/50 MP: 8/8
  3288 | D:4      | Identified the +10 dagger "Leidgh" {vamp, rCorr}
  3949 | D:4      | Killed Crazy Yiuf
  3960 | D:4      | Learned a level 2 spell: Blink
  4504 | D:5      | Found a glowing golden altar of the Shining One.
  4519 | D:5      | Noticed Robin
  4520 | D:5      | Noticed Ijyb
  4530 | D:5      | Killed Ijyb
  4531 | D:5      | Reached skill level 1 in Evocations
  4535 | D:5      | Killed Robin
  4540 | D:5      | Reached skill level 1 in Translocations
  4615 | D:5      | Found an ancient bone altar of Kikubaaqudgha.
  4618 | D:5      | Found a shimmering blue altar of Sif Muna.
  4621 | D:5      | Found a radiant altar of Vehumet.
  4625 | D:5      | Got Vehumet's Excursus on Blows
  4863 | D:5      | Reached XP level 9. HP: 55/55 MP: 9/9
  4866 | D:5      | Noticed Prince Ribbit
  4876 | D:5      | Killed Prince Ribbit
  5444 | D:6      | Found Cithran's Magic Scroll Shop.
  5700 | D:6      | Found Leosuip's Armour Emporium.
  5738 | D:6      | Found Leadubb's Jewellery Boutique.
  5823 | D:6      | Found a hazy altar of Hepliaklqana.
  5914 | D:6      | Found a basalt altar of Yredelemnul.
  5939 | D:6      | Reached skill level 10 in Stealth
  6078 | D:6      | Found Pofim's Jewellery Emporium.
  6148 | D:6      | Found Dafi's Book Shop.
  6229 | D:6      | Found a staircase to the Ecumenical Temple.
  6296 | D:6      | Found an ornate altar of the Wu Jian Council.
  6296 | D:6      | Found an iron altar of Okawaru.
  6297 | D:6      | Noticed Grinder
  6301 | D:6      | Killed Grinder
  6302 | D:6      | Reached XP level 10. HP: 63/63 MP: 10/10
  6303 | D:6      | Found a bloodstained altar of Trog.
  6308 | D:6      | Found a white marble altar of Elyvilon.
  6313 | D:6      | Found a broken altar of Ashenzari.
  6316 | D:6      | Found a shadowy altar of Dithmenos.
  6433 | Temple   | Entered the Ecumenical Temple
  6439 | Temple   | Became a worshipper of Gozag Ym Sagoz the Greedy
  6470 | D:6      | Bought a scroll of fog for 56 gold pieces
  6470 | D:6      | Bought a scroll of enchant armour for 105 gold pieces
  6470 | D:6      | Bought a scroll of identify for 28 gold pieces
  7229 | D:6      | Bought 2 scrolls of identify for 56 gold pieces
  7357 | D:8      | Learned a level 2 spell: Ensorcelled Hibernation
  8052 | D:8      | Learned a level 1 spell: Apportation
  8082 | D:9      | Noticed Joseph
  8098 | D:9      | Killed Joseph
  8099 | D:9      | Reached skill level 1 in Hexes
  8099 | D:9      | Reached skill level 1 in Ice Magic
  8194 | D:9      | Reached skill level 11 in Stealth
  8366 | D:9      | Found a staircase to the Lair.
  8366 | D:9      | Noticed a komodo dragon
  8370 | D:9      | Killed a komodo dragon
  8371 | D:9      | Reached skill level 5 in Evocations
  8371 | D:9      | Reached XP level 11. HP: 68/68 MP: 11/11
  8918 | D:9      | Found a runed translucent door.
  8921 | D:9      | Noticed oldriver's ghost (novice DsCj)
  9412 | D:9      | Noticed a deep elf pyromancer
  9478 | D:6      | Bought the ring "Xesupteo" {rN+ Will+ Int+4} for 624 gold
                  | pieces
  9569 | Lair:1   | Entered Level 1 of the Lair of Beasts
  9591 | Lair:1   | Noticed Erica
  9631 | Lair:1   | Noticed Erica
  9631 | Lair:1   | Noticed an elephant
  9637 | Lair:1   | Killed Erica the cane toad
  9638 | Lair:1   | Reached skill level 5 in Armour
  9914 | D:9      | Killed an elephant
 10052 | Lair:1   | Noticed an elephant
 10052 | Lair:1   | Noticed an elephant
 10072 | D:9      | Killed an elephant
 10262 | Lair:1   | Killed an elephant
 10462 | Lair:1   | Noticed an elephant
 10475 | Lair:1   | Reached skill level 5 in Translocations
 10739 | Lair:1   | Found a runed translucent door.
 10743 | Lair:1   | Noticed dogverified's ghost (novice TrBe)
 11496 | D:4      | Bought a potion of heal wounds for 145 gold pieces
 11496 | D:4      | Bought a scroll of fog for 116 gold pieces
 11748 | Lair:2   | Noticed a five-headed hydra
 11753 | Lair:2   | Slain by a five-headed hydra

Illustrated notes

Levels and vault maps discovered:
D:1:      mrwooster_arrival_statue, layout_basic,
          ebering_ecumenical_altar_abandoned, hangedman_decor_riveting
D:2:      layout_rooms
D:3:      layout_rooms, hangedman_glass_teeth, hellmonk_no_cap
D:4:      layout_layer_cave, nicolae_wooded_promenade,
          serial_library_hellmonk_hallway_a, uniq_pikel, uniq_menkaure,
          uniq_crazy_yiuf_cottage
D:5:      layout_layer_cave, grunt_temple_overflow_magic_moments,
          tso_metal_star, corexii_shack, nicolae_goblin_pals,
          uniq_prince_ribbit1, uniq_eustachio
D:6:      layout_cave_pools, lemuel_mausoleum_altar_yredelemnul,
          minmay_overflow_temple_hex, nzn_hepliaklqana_mist_gate,
          minmay_temple_entry_junction_2, serial_shops, shop,
          nicolae_shop_rolling_square, nicolae_shop_crystal, shop, shop,
          uniq_grinder
D:7:      layout_loops_cross
D:8:      layout_basic, serial_park_tiny_2, ebering_dispersal_statue_hall,
          minmay_misc_feat_five
D:9:      layout_rooms, grunt_lair_entry_orc_guard_hut,
          ebering_ghost_inner_flame, serial_curves, eino_curves_04,
          eino_curves_01, kennysheep_nondescript, uniq_joseph
Temple:   nicolae_temple_bog_church
Lair:1:   layout_chaotic_city, hellmonk_ghost_happy_afterlife, uniq_erica
Lair:2:   layout_roguey, minmay_shoals_entry_lonely_mermaid,
          small_statue_intersection, uniq_amaemon

Skill      XL: |  1  2  3  4  5  6  7  8  9 10 11 |
---------------+----------------------------------+-----
Short Blades   | 3 4 5 6 7 8 9 |  9.7
Dodging        | 3 4 5 6 7 8 |  8.6
Stealth        | 7 8 9 10 11 | 11.9
Fighting       | 4 5 6 7 8 |  8.5
Armour         | 1 2 3 4 5 |  5.2
Evocations     | 1 3 5 6 |  6.2
Translocations | 1 3 4 5 |  5.2
Hexes          | 1 3 |  3.4
Ice Magic      | 1 3 |  3.4

Action                     |  1- 3 |  4- 6 |  7- 9 | 10-12 || total
---------------------------+-------+-------+-------+-------++-------
  Melee: Short sword       |     3 |   174 |   246 |   371 ||   794
   Cast: Ensorcelled Hiber |       |       |       |    25 ||    25
         Blink             |       |       |       |     1 ||     1
  Evoke: Wand              |       |       |       |     2 ||     2
    Use: Scroll            |       |     6 |     2 |     6 ||    14
         Potion            |       |     1 |       |     2 ||     3
   Stab: Sleeping          |     3 |    29 |    32 |    34 ||    98
         Distracted        |       |       |     2 |     6 ||     8
 Armour: Leather armour    |       |    51 |    81 |   123 ||   255
  Dodge: Dodged            |       |    99 |   200 |   267 ||   566

Table legend: (Time is in decaauts)
 A = Elapsed time spent in this place.
 B = Non-inter-level travel time spent in this place.
 C = Inter-level travel time spent in this place.
 D = Time resting spent in this place.
 E = Time spent auto-exploring this place.
 F = Levels seen in this place.
 G = Mean time per level.
                   A        B        C        D        E       F      G
               +--------+--------+--------+--------+--------+-----+--------+
         Total |  11465 |  10435 |   1030 |    110 |   8754 |  12 |  955.4 |
       Dungeon |  10192 |   9215 |    977 |    110 |   7721 |   9 | 1132.4 |
        Temple |     12 |      6 |      6 |      0 |      0 |   1 |   12.0 |
          Lair |   1260 |   1215 |     45 |      0 |   1033 |   2 |  630.0 |
               +--------+--------+--------+--------+--------+-----+--------+

Top non-repeatable levels by time:
     D:9: 1990 daAuts
     D:4: 1590 daAuts
     D:5: 1512 daAuts
  Lair:1: 1214 daAuts
     D:6: 1087 daAuts
     D:1: 1000 daAuts
     D:8: 847 daAuts
     D:7: 786 daAuts
     D:2: 688 daAuts
     D:3: 688 daAuts
  Lair:2: 45 daAuts
  Temple: 12 daAuts
